 Dungeon Crawl Stone Soup version 0.31-a0-202-g547052bce9 (webtiles) character file.

Game seed: 12490482155879168133

65 qw the Shooter (level 3, 0/20 HPs)
             Began as a Deep Elf Hunter on June 26, 2023.
             Succumbed to their own poison gas
             ... on level 2 of the Dungeon.
             The game lasted 00:00:30 (1356 turns).

qw the Shooter (Deep Elf Hunter)                    Turns: 1356, Time: 00:00:30

Health: 0/20       AC:  6    Str: 10    XL:     3   Next: 94%
Magic:  5/5        EV: 12    Int: 13    God:
Gold:   135        SH:  0    Dex: 18    Spells: 2/2 levels left

rFire   . . .        Y - +0 shortbow
rCold   . . .        (shield currently unavailable)
rNeg    . . .        c - +0 leather armour
rPois   .            (no helmet)
rElec   .            d - +0 cloak
rCorr   .            h - +1 pair of gloves
SInv    .            (no boots)
Will    .....        (no amulet)
Stlth   ++           (no ring)
HPRegen 0.23/turn    (no ring)
MPRegen 0.09/turn

%: no passive effects
@: lethally poisoned (0 -> -1)
A: no striking features
a: no special abilities


You were on level 2 of the Dungeon.
You visited 1 branch of the dungeon, and saw 2 of its levels.

You collected 135 gold pieces.


   Skills:
 - Level 1.5 Fighting
 + Level 7.4 Ranged Weapons
 - Level 2.4 Dodging
 - Level 1.2 Stealth


You had 2 spell levels left.
You didn't know any spells.
Your spell library was empty.

Inventory:

Hand Weapons
 Y - a +0 shortbow (weapon)
Armour
 c - a +0 leather armour (worn)
 d - a +0 cloak (worn)
 h - a +1 pair of gloves (worn)
Scrolls
 g - 2 scrolls of teleportation
Potions
 i - a potion of cancellation {unknown}
 j - a potion of mutation {unknown}

Dungeon Overview and Level Annotations

Branches:
Dungeon (2/15)

Altars:

Shops:
D:1 [


Message History

Sorry, I don't know how to get there.
Enter note:
Enter note: Really walk into that cloud of poison gas?
You are engulfed in poison gas.
You are poisoned.
You feel very sick.
1346 ||| Stepping ~*~*~tactically~*~*~ (cloud).
You feel very sick.
Things that are here:
a scroll of blinking; a +0 pair of gloves
1347 ||| DRINKING potion of curing.
You feel better.
1347 ||| (to cure poison) Done exploring.
(D) Dungeon
Where to? (* - list waypoints, Enter - D:3, ? - help)
What level of the Dungeon? (default 1, ? - help) Sorry, I don't know how to get there.
Enter note:
Enter note: Really walk into that cloud of poison gas?
You are engulfed in poison gas.
You are poisoned.
You feel very sick.
1349 ||| Stepping ~*~*~tactically~*~*~ (cloud).
You feel sick.
Things that are here:
a scroll of blinking; a +0 pair of gloves
There is a lethal amount of poison in your body!
You feel sick.
There is a lethal amount of poison in your body!
You feel sick.
There is a lethal amount of poison in your body!
You feel sick.
There is a lethal amount of poison in your body!
You feel sick.
There is a lethal amount of poison in your body!
You feel sick.
There is a lethal amount of poison in your body!
You feel sick.
There is a lethal amount of poison in your body!
You die...

..# #.#### ######...##### #.# ..#
#.# ###......#...# ###.##
..#####.#####.0...##..)#.###.....
..##.......##.#.#.###.#...##.###.
..##.##.#...0....0.........#.# #.
.###.##....##0#.#.###)#....#>###.
.# #.##.........0........#.#.....
.# #.###.......0........##.###.##
.###.####...####@####.#.##.# #.#
..##........# #.###....##.# #.#
..#######.#.# #........##.# #.#
............# #####....##.# #.#
..#####.#...#########.#.##.# #.#
.## #.###.:.....###.#.##.# #.#
.## #.....%.........#.##.# #.#
..## #..##.#####.#####.##.# #.#
...####..##.#####.#####.##.# #.#


There were no monsters in sight!

Vanquished Creatures
  2 adders (D:2)
  2 dart slugs (D:1)
  6 bats
  3 endoplasms
  5 giant cockroaches
  3 goblins
  5 hobgoblins
  4 kobolds
  4 quokkas
  4 ball pythons
  A frilled lizard (D:2)
39 creatures vanquished.

Notes
Turn   | Place    | Note
-------+----------+-------------------------------------------
     0 | D:1      | qw the Deep Elf Hunter began the quest for the Orb.
     0 | D:1      | Reached XP level 1. HP: 12/12 MP: 3/3
     0 | D:1      | 0 ||| qw: Version: 0.3-a-22-g0ed2b0b
     0 | D:1      | 0 ||| qw: Game counter: 6314
     0 | D:1      | 0 ||| qw: Melee chars always use a shield: true
     0 | D:1      | 0 ||| qw: God list: Okawaru
     0 | D:1      | 0 ||| qw: Allow faded altars: false
     0 | D:1      | 0 ||| qw: Do Orc after clearing Dungeon:15 true
     0 | D:1      | 0 ||| qw: Do second Lair branch before Depths: true
     0 | D:1      | 0 ||| qw: Lair rune preference: random
     0 | D:1      | 0 ||| qw: Goals: Normal
     0 | D:1      | 0 ||| PLANNING D:1-11
   168 | D:1      | Reached skill level 6 in Ranged Weapons
   168 | D:1      | Reached XP level 2. HP: 16/16 MP: 4/4
   242 | D:1      | Found a faded altar of an unknown god.
   354 | D:1      | Found Cifule's Antique Armour Shoppe.
   365 | D:1      | 365 ||| SHOPLISTING glowing ring mail (168 gold, have 82).
   365 | D:1      | 365 ||| SHOPLISTING ring mail (96 gold, have 82).
   365 | D:1      | 365 ||| SHOPLISTING runed ring mail (168 gold, have 82).
   662 | D:1      | Reached XP level 3. HP: 20/20 MP: 5/5
   666 | D:1      | 666 ||| UPGRADING to +0 cloak.
   671 | D:1      | 671 ||| READING scroll labelled SESAUREUPN.
   672 | D:1      | 672 ||| READING 2 scrolls labelled WUOSMAUKONUN.
   677 | D:1      | 677 ||| DROPPING scroll of butterflies.
  1070 | D:2      | Reached skill level 7 in Ranged Weapons
  1320 | D:2      | 1320 ||| UPGRADING to +0 pair of gloves.
  1325 | D:2      | 1325 ||| UPGRADING to +1 pair of gloves.
  1335 | D:2      | 1335 ||| DROPPING +0 pair of gloves.
  1336 | D:2      | 1336 ||| READING scroll labelled MEOCIY DYETT.
  1337 | D:2      | 1337 ||| READING 2 scrolls labelled QIROXU ZEIMAOT.
  1338 | D:2      | 1338 ||| READING scroll labelled FAQENL DIASYOW.
  1339 | D:2      | 1339 ||| DRINKING 3 dark potions.
  1340 | D:2      | 1340 ||| DROPPING scroll of blinking.
  1342 | D:2      | 1342 ||| Stepping ~*~*~tactically~*~*~ (cloud).
  1343 | D:2      | 1343 ||| DRINKING 2 potions of curing.
  1343 | D:2      | 1343 ||| (to cure poison)
  1346 | D:2      | 1346 ||| Stepping ~*~*~tactically~*~*~ (cloud).
  1347 | D:2      | 1347 ||| DRINKING potion of curing.
  1347 | D:2      | 1347 ||| (to cure poison)
  1349 | D:2      | 1349 ||| Stepping ~*~*~tactically~*~*~ (cloud).
  1351 | D:2      | HP: 4/20 [poisoned by you (poison gas)]
  1355 | D:2      | HP: 1/20 [poisoned by you (poison gas)]
  1356 | D:2      | Succumbed to their own poison gas

Levels and vault maps discovered:
D:1:      tarquinn_simple_flora_water_d, layout_loops_ring,
          hellmonk_ecumenical_altar_leap_of_faith, serial_shops,
          nicolae_shop_statue_plus, chequers_avenue
D:2:      layout_loops_ring, minmay_diced_spiral

Skill      XL: |  1  2  3 |
---------------+----------+-----
Ranged Weapons | 6 7 |  7.4
Fighting       | |  1.5
Dodging        | |  2.4
Stealth        | |  1.2

Action                     || total
---------------------------++-------
   Fire: Shortbow          ||    96
    Use: Scroll            ||     5
         Potion            ||     3
 Armour: Leather armour    ||     9
  Dodge: Dodged            ||    17

Table legend:
 A = Non-vault XP
 B = Vault XP
 C = Vault XP percentage of total XP
 D = Non-vault monster count
 E = Vault monster count
 F = Vault count percentage of total count
                 A         B        C        D         E       F
            +---------+---------+-------+---------+---------+-------
      Total |      74 |      20 |  21.3 |      34 |       5 |  12.8
            +---------+---------+-------+---------+---------+-------
        D:1 |      41 |       0 |   0.0 |      21 |       0 |   0.0
        D:2 |      33 |      20 |  37.7 |      13 |       5 |  27.8
            +---------+---------+-------+---------+---------+-------
